 Seeded DCSS version 0.29-a0-371-g91724d5b39 (webtiles) character file.

Game seed: 12468528015185605750 (custom seed)

90 zeratav the Cudgeller (level 4, -4/39 HPs)
             Began as a Minotaur Fighter on May 2, 2022.
             Slain by an orc priest
             ... wielding a +0 whip
              (6 damage)
             ... on level 3 of the Dungeon.
             The game lasted 00:03:15 (2963 turns).

zeratav the Cudgeller (Minotaur Fighter)            Turns: 2963, Time: 00:03:17

Health: -4/39      AC:  6    Str: 22    XL:     4   Next: 32%
Magic:  3/3        EV:  9    Int:  5    God:
Gold:   179        SH:  0    Dex: 10    Spells: 3/3 levels left

rFire   . . .      SeeInvis .   a - +0 flail {mace}
rCold   . . .      Faith    .   c - +0 buckler
rNeg    . . .      Spirit   .   b - +0 scale mail
rPois   .          Reflect  .   (helmet restricted)
rElec   .          Harm     .   (no cloak)
rCorr   .          Rampage  .   (no gloves)
Will    .....                   (no boots)
Stlth   ..........              (no amulet)
HPRegen 0.13/turn               (no ring)
MPRegen 0.08/turn               (no ring)

@: confused
A: horns 2, retaliatory headbutt
a: no special abilities


You were on level 3 of the Dungeon.
You visited 1 branch of the dungeon, and saw 4 of its levels.

You collected 179 gold pieces.


Innate Abilities, Weirdness & Mutations

You have a pair of horns on your head.
You reflexively headbutt those who attack you in melee.


   Skills:
 - Level 3.6 Fighting
 + Level 5.6 Maces & Flails
 - Level 3.6 Armour
 - Level 3.6 Shields


You had 3 spell levels left.
You didn't know any spells.
Your spell library contained the following spells:

 Spells                   Type           Power      Damage    Failure   Level
 Shock                    Conj/Air       0%         1d3       88%         1
 Scorch                   Fire           0%         2d5       95%         2
 Call Canine Familiar     Summ           0%         N/A       99%         3
 Portal Projectile        Hex/Tloc       0%         N/A       99%         3
 Swiftness                Air            0%         N/A       99%         3
 Airstrike                Air            0%         N/A       100%        4
 Flame Wave               Conj/Fire      0%         2d4       100%        4
 Leda's Liquefaction      Hex/Erth       0%         N/A       100%        4
 Summon Cactus Giant      Summ           0%         N/A       100%        6

Inventory:

Hand Weapons
 a - a +0 flail (weapon) {mace}
 s - a +2 spear of flaming {polearm}
   (You found it on level 1 of the Dungeon)
Missiles
 k - 5 silver javelins (quivered) {throwing}
Armour
 b - a +0 scale mail (worn)
 c - a +0 buckler (worn)
 t - a +0 ring mail
   (You found it on level 2 of the Dungeon)
 v - a +0 robe
   (You found it on level 2 of the Dungeon)
 w - a +0 scale mail
   (You found it on level 3 of the Dungeon)
 x - a +0 ring mail
   (You took it off an orc on level 3 of the Dungeon)
 y - a +0 leather armour
   (You found it on level 3 of the Dungeon)
 z - a +0 leather armour
   (You found it on level 3 of the Dungeon)
Scrolls
 f - 3 scrolls of immolation {unknown}
 g - 2 scrolls of brand weapon {unknown}
 h - 2 scrolls of identify {unknown}
 i - a scroll of vulnerability {unknown}
 j - a scroll of amnesia {unknown}
 m - 2 scrolls of noise {unknown}
 o - a scroll of teleportation {unknown}
 p - 3 scrolls of blinking {unknown}
 r - a scroll of enchant weapon {unknown}
Potions
 d - 2 potions of might
 e - a potion of brilliance {unknown}
 l - 3 potions of degeneration {unknown}
 n - 2 potions of attraction {unknown}
 q - a potion of mutation {unknown}
 u - a potion of ambrosia {unknown}

Dungeon Overview and Level Annotations

Branches:
Dungeon (4/15)
 Temple: D:4-7

Altars:
Ru

######..########.#.# #.......)
#..............#.#.######.#..##.
####.##...###..#.#......#.#..###
#.........+.....................
##.#.##...###..#.#.....##.#.....
#.#.#...........#...####.#..#.#
#.#.#....####.###...........#.#
#.#.#.....#........#####.#.##.#
#............{@................
###.##....#.#o.................
#.##....#.....#..............
#.#.....#...#.#.............#
#.#...#.#...#.#.............#
#.#...#.#####.#.#...........#
#.#...#.# #.................#
#.#...#.# #.#.#.#...........#
#.#...#.###.#.#.#...........#


You could see an orc priest.


Message History

You barely miss the orc wizard.
The orc wizard gestures at you while chanting.
You resist with some effort.
You closely miss the orc wizard.
The orc wizard gestures wildly while chanting.
The orc wizard flickers and vanishes!
Deactivating autopickup; reactivate with Ctrl-A.
You barely miss something.
The orc wizard mumbles some strange words.
The orc wizard flickers and vanishes!
Something hits you but does no damage. Something hits you.
HP[-1]
You take 1 damage, and now have 32/39 hp.
Something hits you. x2
HP[-6]
You take 6 damage, and now have 26/39 hp.
You barely miss something. Something hits you but does no damage.
Something hits you.
HP[-2]
You take 2 damage, and now have 24/39 hp.
Something hits you but does no damage.
An orc priest comes into view. It is wielding a +0 whip.
Found an escape hatch in the floor.
The orc priest shouts!
Something hits you.
You hear some strange, mumbled words.
A puff of flame appears from out of thin air!
The puff of flame misses you. Something hits you but does no damage.
You block something's attack.
The orc priest calls down the wrath of Beogh upon you.
Something writhes in agony!
You hear some strange, mumbled words.
You are confused.
Something hits you but does no damage.
You hear some strange, mumbled words.
A puff of flame appears from out of thin air!
The puff of flame hits you.
There is a stone staircase leading up here.
HP[-4]
You take 4 damage, and now have 20/39 hp.
A magic dart appears from out of thin air!
The magic dart hits something.
In your confused state, you trip and fall back down the stairs.
* * * LOW HITPOINT WARNING * * *
HP[-1]
You take 1 damage, and now have 19/39 hp.
You hear some strange, mumbled words.
Something tries to affect you, but you resist.
Something hits you but does no damage.
In your confused state, you trip and fall back down the stairs.
* * * LOW HITPOINT WARNING * * *
Something hits you.
* * * LOW HITPOINT WARNING * * *
Something hits you but does no damage.
HP[-3]
You take 3 damage, and now have 16/39 hp.
You feel less confused. The orc priest hits you with a +0 whip.
* * * LOW HITPOINT WARNING * * *
Something hits you but does no damage. Something completely misses you.
You climb upwards.
Reactivating autopickup.
There is a stone staircase leading down here.
HP[-1]
You take 1 damage, and now have 15/39 hp.
You barely miss the orc priest. You headbutt the orc priest.
Something hits you but does no damage.
Deactivating autopickup; reactivate with Ctrl-A.
You block the orc priest's attack.
You hear some strange, mumbled words.
You are confused.
You bump into the rock wall.
You hear some strange, mumbled words.
A magic dart appears from out of thin air!
The magic dart hits you.
* * * LOW HITPOINT WARNING * * *
The orc priest hits you but does no damage.
You hear some strange, mumbled words.
A magic dart appears from out of thin air!
The magic dart hits you.
* * * LOW HITPOINT WARNING * * *
HP[-10]
You take 10 damage, and now have 5/39 hp.
MASSIVE DAMAGE!! (PAUSE)
Something hits you.
* * * LOW HITPOINT WARNING * * *
HP[-1]
You take 1 damage, and now have 4/39 hp.
Something hits you but does no damage. Something hits you but does no damage.
The orc priest hits you with a +0 whip.
* * * LOW HITPOINT WARNING * * *
Something hits you.
* * * LOW HITPOINT WARNING * * *
HP[-2]
You take 2 damage, and now have 2/39 hp.
You hit the orc priest but do no damage.
You headbutt the orc priest. Something hits you but does no damage.
The orc priest hits you with a +0 whip.
You die...

Skill      XL: |  1  2  3 |
---------------+----------+-----
Maces & Flails | 3 4 5 |  5.6
Fighting       | |  3.6
Armour         | |  3.6
Shields        | |  3.6

Action                   |  1- 3 |  4- 6 || total
-------------------------+-------+-------++-------
Melee: Flail             |    96 |    34 ||   130
       Headbutt          |     6 |     6 ||    12
Armor: Scale mail        |    57 |    29 ||    86
Dodge: Dodged            |    35 |    11 ||    46
Block: Buckler           |    20 |     9 ||    29

Levels and vault maps discovered:
D:1:      matt_arrival_refuge, layout_loops_ring,
          shapermc_ecumenical_altar_ellora, grunt_decor_one_mirror,
          grunt_decor_cap, minmay_pentomino_s4
D:2:      minmay_general_purpose_star, layout_basic, basic_altar,
          grunt_decor_fettered
D:3:      layout_basic
D:4:      nicolae_cairo_tiling_large_dashed, layout_cave_pools

Notes
Turn   | Place    | Note
-------+----------+-------------------------------------------
     0 | D:1      | zeratav the Minotaur Fighter began the quest for the Orb.
     0 | D:1      | Reached XP level 1. HP: 19/19 MP: 0/0
     0 | D:1      | magus.rc [v1.9.6]
    21 | D:1      | You pick up a book of Air and begin reading...
    21 | D:1      | You add the spells Shock, Swiftness and Airstrike to your
                  | library.
    58 | D:1      | You pick up a book of Scorching and begin reading...
    58 | D:1      | You add the spells Scorch, Flame Wave and Summon Cactus
                  | Giant to your library.
    87 | D:1      | You pick up a book of the Hunter and begin reading...
    87 | D:1      | You add the spells Call Canine Familiar, Portal Projectile
                  | and Leda's Liquefaction to your library.
   135 | D:1      | Reached skill level 3 in Maces & Flails
   208 | D:1      | Found a faded altar of an unknown god.
   378 | D:1      | Reached XP level 2. HP: 26/26 MP: 1/1
   472 | D:1      | HP: 5/26 [frozen (4)]
   483 | D:1      | HP: 3/26 [frozen (3)]
   484 | D:1      | HP: 1/26 [frozen (2)]
  1121 | D:2      | Reached skill level 4 in Maces & Flails
  1351 | D:2      | Reached XP level 3. HP: 29/31 MP: 2/2
  1597 | D:2      | Found a sacrificial altar of Ru.
  2024 | D:3      | Reached skill level 5 in Maces & Flails
  2170 | D:3      | Reached XP level 4. HP: 36/39 MP: 3/3
  2603 | D:3      | You pick up a book of the Hunter and begin reading...
  2959 | D:3      | HP: 9/39 [something/magic dart (6)]
  2960 | D:3      | HP: 4/39 [something (1)]
  2963 | D:3      | Slain by an orc priest

Vanquished Creatures
  4 adders
  A worm (D:2)
  An orc (D:3)
  8 endoplasms
  7 goblins
  A hobgoblin (D:3)
  6 jackals
  2 kobolds
  4 quokkas
  A ball python (D:2)
  5 bats
  3 frilled lizards
  5 rats
48 creatures vanquished.

Table legend:
 A = Non-vault XP
 B = Vault XP
 C = Vault XP percentage of total XP
 D = Non-vault monster count
 E = Vault monster count
 F = Vault count percentage of total count
                 A         B        C        D         E       F
            +---------+---------+-------+---------+---------+-------
      Total |     117 |      12 |   9.3 |      40 |       8 |  16.7
            +---------+---------+-------+---------+---------+-------
        D:1 |      20 |       6 |  23.1 |      14 |       3 |  17.6
        D:2 |      45 |       6 |  11.8 |      11 |       5 |  31.2
        D:3 |      52 |       0 |   0.0 |      15 |       0 |   0.0
            +---------+---------+-------+---------+---------+-------

Illustrated notes

Table legend:
 A = Kills in this place as a percentage of kills in entire the game.
 B = Kills by you in this place as a percentage of kills by you in the entire game.
 C = Kills by friends in this place as a percentage of kills by friends in the entire game.
 D = Other kills in this place as a percentage of other kills in the entire game.
 E = Experience gained in this place as a percentage of experience gained in the entire game.
 F = Experience gained in this place divided by the number of levels of this place that you have seen.
                   A       B       C       D       E      F
               +-------+-------+-------+-------+-------+----------------------
         Total | 100.0 | 100.0 |   N/A |   N/A | 100.0 |  32.2
       Dungeon | 100.0 | 100.0 |   N/A |   N/A | 100.0 |  32.2
               +-------+-------+-------+-------+-------+----------------------

Table legend: (Time is in decaauts)
 A = Elapsed time spent in this place.
 B = Non-inter-level travel time spent in this place.
 C = Inter-level travel time spent in this place.
 D = Time resting spent in this place.
 E = Time spent auto-exploring this place.
 F = Levels seen in this place.
 G = Mean time per level.
                   A        B        C        D        E       F      G
               +--------+--------+--------+--------+--------+-----+--------+
         Total |   2989 |   2883 |    106 |    300 |   2220 |   4 |  747.2 |
       Dungeon |   2989 |   2883 |    106 |    300 |   2220 |   4 |  747.2 |
               +--------+--------+--------+--------+--------+-----+--------+

Top non-repeatable levels by time:
     D:1: 1110 daAuts
     D:3: 925 daAuts
     D:2: 919 daAuts
     D:4: 33 daAuts
